Map: Dreamcatcher LE

Players

Harstem

  • Race: Protoss Protoss
  • League: Master
  • Spawn Location: 5:00

Bunny - Winner!

  • Race: Terran Terran
  • League: Diamond
  • Spawn Location: 11:00

Event: HomeStory Cup XVII

VOD

Have the link to the VOD?

Description

Time

  • Played on: June 30, 2018, 6:07 p.m.
  • Length: 8:51

All games in this series

Show
View Real Time Build Order
Export as new Build Order

Harstem Protoss 

Build Orders: 1 Gate Expand, Oracle Opening 

Get SALT Encoding   

  12  0:00  Probe  
  13  0:12  Probe  
  14  0:18  Pylon  
  14  0:24  Probe  
  15  0:36  Gateway, Probe  
  16  0:44  Probe  
  17  0:52  Assimilator  
  17  0:54  Probe  
  18  1:06  Probe  
  19  1:18  Probe  
  19  1:23  Cybernetics Core  
  20  1:33  Nexus  
  20  1:40  Pylon  
  20  1:44  Probe  
  21  1:49  Assimilator  
  21  1:50  Adept  
  21  1:56  Probe  
  24  2:08  Adept, Probe  
  24  2:20  Probe  
  27  2:25  Stargate  
  27  2:32  Probe  
  27  2:33  Adept  
  30  2:42  Warp Gate  
  30  2:44  Probe  
  31  2:54  Probe  
  32  3:01  Oracle  
  32  3:02  Probe  
  33  3:06  Probe  
  37  3:14  Probe  
  37  3:15  Adept  
  37  3:18  Probe  
  41  3:26  Probe  
  42  3:29  Pylon  
  42  3:30  Oracle, Probe  
  43  3:38  Probe  
  46  3:47  Probe  
  47  3:50  Probe  
  46  3:59  Probe  
  46  4:00  Gateway  
  46  4:02  Gateway  
  47  4:03  Probe  
  47  4:09  Probe  
  48  4:11  Probe  
  50  4:17  Probe, Pylon  
  50  4:19  Probe  
  50  4:24  Pylon  
  52  4:25  Probe  
  52  4:29  Probe  
  52  4:30  Nexus  
  55  4:41  Probe  
  55  4:44  Assimilator  
  56  4:47  Forge  
  56  4:48  Assimilator  
  56  4:49  Probe, Twilight Council  
  56  4:53  Probe  
  56  4:58  Robotics Facility  
  57  5:01  Probe  
  57  5:05  Probe  
  59  5:07  Sentry  
  59  5:13  Probe  
  62  5:15  Pylon  
  62  5:17  Probe  
  62  5:19  Blink  
  62  5:21  Protoss Ground Weapons Level 1  
  63  5:25  Gateway, Probe  
  63  5:27  Gateway  
  64  5:32  Probe  
  65  5:37  Probe  
  66  5:43  Immortal  
  66  5:44  Probe  
  67  5:50  Probe x2  
  67  5:53  Robotics Bay  
  67  5:56  Probe  
  74  5:57  Gateway  
  74  6:02  Pylon  
  75  6:05  Sentry  
  75  6:06  Pylon  
  75  6:09  Stalker  
  80  6:14  Stalker  
  80  6:19  Probe  
  80  6:22  Gateway  
  80  6:25  Phoenix, Stalker x2  
  85  6:29  Disruptor  
  85  6:30  Probe  
  85  6:32  Shield Battery  
  87  6:34  Photon Cannon  
  87  6:36  Probe  
  92  6:41  Stalker  
  92  6:46  Stalker  
  96  6:50  Photon Cannon  
  96  6:55  Stalker x2  
  96  6:59  Pylon  
  96  7:00  Stalker  
  96  7:01  Probe  
  104  7:04  Probe  
  104  7:05  Pylon  
  104  7:09  Probe  
  104  7:11  Disruptor, Pylon  
  104  7:13  Probe  
  105  7:16  Probe  
  109  7:24  Stalker x2  
  109  7:28  Shield Battery  
  113  7:34  Pylon  
  113  7:36  Stalker x2  
  113  7:37  Stalker  
  119  7:43  Shield Battery  
  119  7:45  Shield Battery  
  119  7:48  Stalker x2  
  121  8:11  Stalker x5  
  121  8:12  Stalker  
  129  8:15  Probe  
  129  8:18  Probe  
  129  8:19  Probe  
  132  8:21  Assimilator, Pylon  
  132  8:25  Forge  
  132  8:26  Assimilator, Pylon  
  132  8:27  Pylon  
  132  8:39  Stalker x4  
  116  8:45  Stalker  
Show
View Real Time Build Order
Export as new Build Order

Bunny Terran - Winner!

Build Orders: Reaper Expand, MMM Bio 

Get SALT Encoding   

  12  0:00  SCV  
  13  0:12  SCV  
  14  0:17  Supply Depot  
  14  0:24  SCV  
  15  0:38  SCV  
  15  0:40  Barracks  
  16  0:43  Refinery  
  16  0:50  SCV  
  17  1:02  SCV  
  18  1:15  SCV  
  19  1:28  Orbital Command, Reaper  
  20  1:39  Command Center  
  20  1:47  Supply Depot  
  20  1:54  SCV  
  20  2:01  Barracks Reactor  
  21  2:06  SCV  
  22  2:19  SCV  
  23  2:23  Command Center  
  23  2:31  Barracks, SCV  
  23  2:36  Marine x2  
  26  2:43  SCV  
  27  2:47  Bunker  
  27  2:54  Marine x2  
  27  2:58  SCV  
  28  3:16  Orbital Command  
  28  3:21  Barracks Tech Lab  
  28  3:24  SCV  
  28  3:25  Marine x2  
  31  3:37  Orbital Command  
  31  3:40  SCV  
  32  3:42  Marine  
  32  3:43  Marine  
  32  3:44  SCV  
  35  3:51  Engineering Bay  
  35  3:57  SCV x2  
  35  4:00  Marine x3  
  40  4:08  SCV  
  40  4:13  SCV x2  
  42  4:17  Refinery  
  42  4:19  Missile Turret  
  42  4:21  SCV  
  43  4:25  SCV x2  
  45  4:32  Missile Turret  
  45  4:33  Terran Infantry Weapons Level 1  
  45  4:34  Stimpack  
  45  4:36  SCV  
  45  4:37  SCV  
  44  4:40  Factory  
  44  4:43  SCV  
  44  4:48  SCV  
  44  4:50  Barracks, SCV  
  44  4:52  Marine x2  
  47  4:53  Marine  
  47  4:55  SCV  
  50  5:00  SCV  
  50  5:02  SCV  
  50  5:04  Supply Depot  
  50  5:05  Refinery  
  52  5:07  SCV  
  52  5:12  SCV  
  52  5:14  SCV  
  55  5:19  SCV  
  56  5:21  Barracks  
  56  5:22  Barracks  
  56  5:24  Starport, Factory Reactor  
  56  5:25  SCV  
  56  5:27  SCV  
  58  5:34  Supply Depot, Marine x2, Marauder  
  62  5:36  SCV  
  62  5:40  Refinery, Barracks Tech Lab  
  62  5:50  SCV x2  
  62  5:51  SCV  
  62  5:52  Marine x2  
  67  5:59  Combat Shields  
  67  6:00  Supply Depot, Marauder x2  
  67  6:01  Supply Depot  
  71  6:05  Orbital Command  
  71  6:08  Factory Reactor  
  71  6:10  Medivac, Marine x2  
  71  6:11  Medivac  
  77  6:13  Barracks Reactor  
  77  6:14  Barracks Tech Lab  
  77  6:22  Marauder x2  
  81  6:27  Marine  
  81  6:28  Marine  
  83  6:33  Supply Depot  
  83  6:34  Marauder  
  83  6:35  Concussive Shells  
  85  6:40  Medivac  
  85  6:42  Medivac  
  85  6:45  Widow Mine  
  85  6:46  Widow Mine  
  93  6:49  Supply Depot x2, Marine  
  93  6:50  Supply Depot  
  93  6:55  Marine x3, Marauder x2  
  100  7:11  Widow Mine x2, Marauder  
  100  7:12  Marine  
  100  7:13  Marine  
  100  7:14  Marine x2  
  109  7:23  Marauder  
  109  7:24  Marauder  
  109  7:26  Supply Depot  
  109  7:27  Supply Depot  
  111  7:30  Marine  
  111  7:31  Medivac, Marine  
  111  7:32  Marine x2  
  111  7:33  Marauder  
  111  7:34  Medivac  
  111  7:36  Widow Mine  
  123  7:40  Widow Mine  
  123  7:44  Supply Depot  
  125  7:48  Marine  
  125  7:49  Marine  
  125  7:50  Marine  
  128  7:53  Supply Depot  
  128  7:55  Supply Depot  
  131  7:58  Marauder x2, Marine  
  131  8:03  Marine  
  132  8:06  Marine  
  132  8:09  Marine x2  
  133  8:16  Marine  
  133  8:17  Medivac  
  134  8:20  Medivac  
  134  8:23  Marine x2  
Tags
 
Add a new tag
Caveats
  • Supply blocks, unpowered buildings, or Contaminate may cause inaccurate times.
  • Supply counts are checked every 10 seconds.